 Dungeon Crawl Stone Soup version 0.27.1-4-g1640c2035a (webtiles) character file.

Game seed: 14300529476862625579

60 deusastra the Insei (level 4, -1/33 HPs)
             Began as a Merfolk Transmuter on Nov 16, 2021.
             Slain by an adder (2 damage)
             ... on level 1 of the Dungeon.
             The game lasted 00:11:04 (3097 turns).

deusastra the Insei (Merfolk Transmuter)            Turns: 3097, Time: 00:11:04

Health: -1/33      AC:  3    Str: 10    XL:     4   Next: 4%
Magic:  7/7        EV: 13    Int: 13    God:
Gold:   71         SH:  0    Dex: 14    Spells: 4/7 levels left

rFire    . . .     SeeInvis .   b - +0 dagger
rCold    . . .     Faith    .   (no shield)
rNeg     . . .     Spirit   .   a - +0 robe
rPois    .         Reflect  .   (no helmet)
rElec    .         Harm     .   f - +0 cloak
rCorr    .         Rampage  .   (no gloves)
Will     .....                  (no boots)
Stlth    ++........             (no amulet)
HPRegen  0.11/turn              (no ring)
MPRegen  0.10/turn              (no ring)

@: no status effects
A: (nimble swimmer 2), mertail
a: no special abilities


You were on level 1 of the Dungeon.
You visited 1 branch of the dungeon, and saw 2 of its levels.

You collected 71 gold pieces.

Inventory:

Hand Weapons
 b - a +0 dagger (weapon)
Armour
 a - a +0 robe (worn)
 f - a +0 cloak (worn)
Scrolls
 c - a scroll of summoning {unknown}
 d - a scroll of amnesia {unknown}
 g - a scroll of identify {unknown}
Potions
 e - a potion of curing


   Skills:
 * Level 2.0 Fighting
 * Level 3.3 Dodging
 + Level 0.9 Stealth
 - Level 3.8 Unarmed Combat
 * Level 2.4 Spellcasting
 * Level 3.1 Transmutations


You had 4 spell levels left.
You knew the following spells:

 Your Spells              Type           Power      Damage    Failure   Level
a - Beastly Appendage     Tmut           18%        N/A       7%          1
b - Wereblood             Tmut           9%         N/A       10%         2

Your spell library contained the following spells:

 Spells                   Type           Power      Damage    Failure   Level
 Summon Small Mammal      Summ           4%         N/A       24%         1
 Ensorcelled Hibernation  Hex/Ice        2%         N/A       36%         2
 Slow                     Hex            1%         N/A       36%         2
 Spider Form              Tmut/Pois      2%         N/A       36%         3
 Call Canine Familiar     Summ           1%         N/A       58%         3
 Confusing Touch          Hex            1%         N/A       58%         3
 Summon Guardian Golem    Hex/Summ       1%         N/A       58%         3
 Ice Form                 Ice/Tmut       5%         N/A       77%         4
 Yara's Violent Unravell  Hex/Tmut       2%         3d3       98%         5
 Shadow Creatures         Summ           N/A        N/A       100%        6


Dungeon Overview and Level Annotations

Branches:
Dungeon (2/15)

Altars:


Innate Abilities, Weirdness & Mutations

((You are quick and stealthy near water. (Stealth+, EV+, Speed+++)))
Your lower body shifts to a powerful aquatic tail in water.


Message History

The adder is heavily wounded.
You feel very sick. The adder bites you. The kobold misses you.
The adder closely misses you.
You miss the adder.
The adder is heavily wounded.
* * * LOW HITPOINT WARNING * * *
You feel sick. The kobold closely misses you.
The adder bites you but does no damage.
You miss the adder.
The adder is heavily wounded.
Your primal bloodlust is almost over.
You feel sick. The adder misses you. The kobold closely misses you.
You closely miss the adder.
The adder is heavily wounded.
* * * LOW HITPOINT WARNING * * *
You feel sick. The adder completely misses you. The kobold barely misses you.
The adder barely misses you.
You closely miss the adder.
The adder is heavily wounded.
You feel sick. The kobold closely misses you.
The adder bites you but does no damage.
You miss the adder.
The adder is heavily wounded.
You feel sick. The adder closely misses you. The kobold completely misses you.
You barely miss the adder.
The adder is heavily wounded.
You feel sick. The adder closely misses you.
The kobold hits you but does no damage. The adder closely misses you.
You feel sick.
You are no longer poisoned.
Your primal bloodlust has ended.
The adder misses you. The adder misses you.
There is a stone staircase leading up here.
The adder bites you.
* * * LOW HITPOINT WARNING * * *
You climb upwards.
There is a stone staircase leading down here.
The adder bites you.
You die...

#.# ################.#
.................#
#######################
......................#
......##......#######.#
......##............#.#
................S##.#.#
......#.......##@##.#.#
....###.##'#........#.#
#.### #.##.#........#.####
#..# #.##.#.............#
##'####.##.#####.##......#
......#....# #.........#
8.8.8.#.############.....##
......#.#.................#
8.<.8.'.#.###########'###.#


You could see an adder.

Vanquished Creatures
  A worm (D:2)
  2 dart slugs
  3 endoplasms
  3 giant cockroaches (D:2)
  4 goblins
  8 hobgoblins (D:1)
  3 jackals (D:2)
  5 quokkas (D:1)
  5 ball pythons
  2 bats (D:1)
  3 frilled lizards
  2 kobolds
  4 rats (D:1)
45 creatures vanquished.

Notes
Turn   | Place    | Note
-------+----------+-------------------------------------------
     0 | D:1      | deusastra the Merfolk Transmuter began the quest for the
                  | Orb.
     0 | D:1      | Reached XP level 1. HP: 15/15 MP: 3/3
   132 | D:1      | Reached XP level 2. HP: 10/21 MP: 3/5
  1225 | D:1      | Reached XP level 3. HP: 26/26 MP: 4/6
  1783 | D:1      | Found a faded altar of an unknown god.
  2600 | D:1      | Learned a level 2 spell: Wereblood
  2981 | D:2      | Reached XP level 4. HP: 33/33 MP: 4/7
  3081 | D:2      | HP: 1/33 [poisoned by an adder]
  3095 | D:2      | HP: 1/33 [adder (2)]
  3097 | D:1      | Slain by an adder

Illustrated notes

Levels and vault maps discovered:
D:1:      doesnt_arrival_eight_statues, layout_basic,
          shapermc_ecumenical_altar_totnotflames, roderic_lattice_a
D:2:      layout_basic

Skill      XL: |  1  2  3 |
---------------+----------+-----
Transmutations | 3 |  3.1
Dodging        | 3 |  3.3
Fighting       | 2 |  2.0
Stealth        | |  0.9
Unarmed Combat | |  3.8
Spellcasting   | |  2.4

Action                   |  1- 3 |  4- 6 || total
-------------------------+-------+-------++-------
Melee: Unarmed           |    12 |       ||    12
       Dagger            |   170 |    23 ||   193
       Headbutt          |    19 |     2 ||    21
       Punch             |     2 |       ||     2
 Cast: Beastly Appendage |    26 |     1 ||    27
       Wereblood         |     4 |     1 ||     5
  Use: Potion            |     1 |       ||     1
 Stab: Sleeping          |     2 |       ||     2
Armor: Robe              |    23 |    10 ||    33
Dodge: Dodged            |   117 |    35 ||   152
